 Dungeon Crawl Stone Soup version 0.17-a0-1882-g750edc8 (webtiles) character file.

117 HUUR the Conjurer (level 4, -4/33 HPs)
             Began as a Draconian Conjurer on Sept 22, 2015.
             Slain by Burgietje's ghost (6 damage)
             ... on level 3 of the Dungeon.
             The game lasted 00:18:28 (2999 turns).

HUUR the Conjurer (Draconian Conjurer)              Turns: 2999, Time: 00:18:28

Health: -4/33      AC:  5    Str: 10    XL:     4   Next: 71%
Magic:  1/8        EV: 12    Int: 17    God:
Gold:   135        SH:  0    Dex: 11    Spells: 2 memorised, 5 levels left

rFire  + . .     SeeInvis .     d - +2 dagger (venom)
rCold  + . .     Clarity  .     (armour unavailable)
rNeg   . . .     SustAt   .     (no shield)
rPois  +         Gourm    .     (helmet restricted)
rElec  +         Spirit   .     (no cloak)
rCorr  +         Warding  .     (no gloves)
rMut   .         Stasis   .     (no boots)
MR     .....                    (no amulet)
Stlth  ++........               (no ring)
                                (no ring)

@: resistant, not resistant to hostile enchantments, unstealthy
A: unfitting armour, cold-blooded, AC +5
a: no special abilities


You were on level 3 of the Dungeon.
You were hungry.

You visited 1 branch of the dungeon, and saw 3 of its levels.

You collected 135 gold pieces.

Inventory:

Hand weapons
 d - a +2 dagger of venom (weapon)
Missiles
 k - 65 stones (quivered)
Scrolls
 f - 2 scrolls of remove curse
 i - 2 scrolls of identify
Books
 a - a book of Conjurations

   Spells                             Type                      Level
   a - Magic Dart                     Conjuration                  1
   b - Searing Ray                    Conjuration                  2
   c - Dazzling Spray                 Conjuration/Hexes            3
   d - Fulminant Prism                Conjuration/Hexes            4
   e - Iskenderun's Mystic Blast      Conjuration                  4
   f - Iskenderun's Battlesphere      Conjuration/Charms           5
Comestibles
 b - 2 bread rations
 c - 3 chunks of flesh
 h - a beef jerky
 j - a slice of pizza
 l - 3 meat rations


   Skills:
 + Level 0.4 Short Blades
 + Level 2.4 Dodging
 - Level 1.7 Stealth
 + Level 2.9 Spellcasting
 + Level 5.2 Conjurations


You had 5 spell levels left.
You knew the following spells:

 Your Spells              Type           Power        Failure   Level  Hunger
a - Magic Dart            Conj           ###.         2%          1    None
b - Searing Ray           Conj           ###...       3%          2    ##.....


Dungeon Overview and Level Annotations

Branches:
Dungeon (3/15)

Altars:
Elyvilon

Annotations:
D:3 Burgietje's ghost, average TrMo


Innate Abilities, Weirdness & Mutations

Your plain brown scales are hard (AC +5).
Your body does not fit into most forms of armour.
You are cold-blooded and may be slowed by cold attacks.


Message History

Burgietje's ghost is heavily damaged.
Burgietje's ghost hits you.
You hit Burgietje's ghost but do no damage.
Burgietje's ghost is heavily damaged.
Burgietje's ghost hits you!
* * * LOW HITPOINT WARNING * * *
You barely miss Burgietje's ghost.
Burgietje's ghost is heavily damaged.
Burgietje's ghost hits you.
* * * LOW HITPOINT WARNING * * *
You closely miss Burgietje's ghost.
Burgietje's ghost is heavily damaged.
Burgietje's ghost barely misses you.
You hit Burgietje's ghost.
Burgietje's ghost is heavily damaged.
Burgietje's ghost completely misses you.
You barely miss Burgietje's ghost.
Burgietje's ghost is heavily damaged.
Burgietje's ghost hits you.
You die...

#.#.# #..# #.#.#
##.# #.#.# #..
#.#.# ##.
#.#.#############.
#.#...............
#.################
#W# # #@# # #.# #
#.# # #.# # #.# #
#.# # ..# # ###


You could see Burgietje's ghost.

Vanquished Creatures
  A worker ant (D:3)
  An adder (D:2)
  A gnoll (D:1)
  An ooze (D:2)
  2 worms (D:2)
  3 giant geckos
  5 orcs (D:3)
  A giant cockroach (D:3)
  12 goblins
  6 hobgoblins
  3 jackals (D:3)
  A ball python (D:1)
  10 bats
  A giant newt (D:1)
  4 kobolds
  9 rats
61 creatures vanquished.

Notes
Turn   | Place    | Note
--------------------------------------------------------------
     0 | D:1      | HUUR the Draconian Conjurer began the quest for the Orb.
     0 | D:1      | Reached XP level 1. HP: 14/14 MP: 3/3
   406 | D:1      | Reached XP level 2. HP: 20/20 MP: 0/5
   552 | D:1      | Learned a level 2 spell: Searing Ray
  1137 | D:1      | Reached XP level 3. HP: 26/26 MP: 6/6
  1540 | D:2      | Reached skill level 5 in Conjurations
  2156 | D:3      | Reached XP level 4. HP: 24/33 MP: 4/7
  2829 | D:3      | Found a white marble altar of Elyvilon.
  2935 | D:3      | Noticed Burgietje's ghost (average TrMo)
  2999 | D:3      | Slain by Burgietje's ghost

Vault maps used:
D:1:      onia_arrival_mini_spirals
D:3:      kennysheep_the_goblin_king, elyvilon_altar_4

Action                   |  1- 3 |  4- 6 || total
-------------------------+-------+-------++-------
Melee: Dagger            |    38 |    35 ||    73
Throw: Tomahawk          |    32 |    20 ||    52
 Cast: Magic Dart        |    31 |     7 ||    38
       Searing Ray       |    21 |    19 ||    40
  Use: Scroll            |     6 |       ||     6
       Potion            |     2 |     3 ||     5
  Eat: Chunk             |     4 |     3 ||     7
       Fruit             |     2 |       ||     2
